 Dungeon Crawl Stone Soup version 0.25-a0-424-g80bd347ae0 (webtiles) character file.

Game seed: 8687153656938517216, levelgen mode: deterministic

48 Kohma the Changer (level 3, -11/31 HPs)
             Began as a Naga Transmuter on Jan 23, 2020.
             Mangled by a gnoll
             ... wielding a +1 vorpal halberd
              (13 damage)
             ... on level 2 of the Dungeon.
             The game lasted 00:04:10 (1873 turns).

Kohma the Changer (Naga Transmuter)                 Turns: 1873, Time: 00:04:11

Health: -11/31     AC:  2    Str: 12    XL:     3   Next: 72%
Magic:  1/6        EV: 10    Int: 14    God:
Gold:   45         SH:  0    Dex: 11    Spells: 3/6 levels left

rFire    . . .     SeeInvis +     - Unarmed
rCold    . . .     Gourm    .   (no shield)
rNeg     . . .     Faith    .   b - +0 robe
rPois    +         Spirit   .   (no helmet)
rElec    .         Reflect  .   (no cloak)
rCorr    .         Harm     .   (no gloves)
MR       .....                  (no barding)
Stlth    +.........             (no amulet)
HPRegen  0.10/turn              (no ring)
MPRegen  0.10/turn              (no ring)

@: appendage, very slow
A: large, horns 2, see invisible, deformed body, poison resistance, slowness 2,
slow metabolism 1, spit poison 1, AC +1
a: Spit Poison, End Transformation


You were on level 2 of the Dungeon.
You were hungry.
You had grown temporary horns.
You visited 1 branch of the dungeon, and saw 2 of its levels.

You collected 45 gold pieces.

Inventory:

Missiles
 a - 29 arrows
 c - 97 stones (quivered)
 k - 4 atropa-tipped darts
Armour
 b - a +0 robe (worn)
 n - a cursed +0 pair of gloves
Jewellery
 h - a +2 ring of strength {unknown}
Scrolls
 e - 3 scrolls of teleportation {unknown}
 g - a scroll of magic mapping {unknown}
 l - a scroll of enchant weapon {unknown}
Potions
 f - a potion of heal wounds {unknown}
 j - a potion of might {unknown}
 m - 2 potions of lignification {unknown}
Comestibles
 d - 13 rations
 i - 3 chunks of flesh


   Skills:
 - Level 1.0 Fighting
 - Level 1.5 Dodging
 - Level 3.0 Unarmed Combat
 - Level 2.0 Spellcasting
 + Level 4.0 Transmutations


You had 3 spell levels left.
You knew the following spells:

 Your Spells              Type           Power        Failure   Level  Hunger
a - Beastly Appendage     Tmut           ##....       4%          1    ##.....
b - Sticks to Snakes      Tmut           ##......     7%          2    ###....

Your spell library contained the following spells:

 Spells                   Type           Power        Failure   Level  Hunger
 Spider Form              Tmut/Pois      #.........   30%         3    ####...
 Ice Form                 Ice/Tmut       #.......     71%         4    #####..
 Blade Hands              Tmut           ##........   77%         5    ######.


Dungeon Overview and Level Annotations

Branches:
Dungeon (2/15)

Altars:


Innate Abilities, Weirdness & Mutations

You cannot wear boots.
Your serpentine skin is tough. (AC +1)
You have supernaturally acute eyesight. (SInv)
Armour fits poorly on your strangely shaped body.
Your system is resistant to poisons. (rPois)
You cover ground very slowly.
You have a slow metabolism.
You can spit poison.
You have a pair of horns on your head.


Message History

Your ball python bites the gnoll.
Your ball python constricts the gnoll.
The adder bites your ball python.
The gnoll hits your ball python with a +0 club.
Your ball python dies!
The gnoll shouts!
Some of the chunks of flesh in your inventory have rotted away.
Casting: Sticks to Snakes (safe; 7% risk of failure)
Confirm with . or Enter, or press ? or * to list all spells.
You grow a pair of large bovine horns.
The adder barely misses you.
You closely miss the adder. The adder closely misses you.
You hit the adder.
The adder is lightly wounded.
The adder bites you.
* * * LOW HITPOINT WARNING * * *
The adder bites you.
* * * LOW HITPOINT WARNING * * *
You barely miss the adder.
The adder is lightly wounded.
The gnoll hits you from afar with a +1 vorpal halberd!
You die...

#...#......#..## #...
#.######g.##..##..##..######.##
#.g..gg.l.#..## #..#...........
######S##g#..####..#...........
#.##g##..##..##.....######
##l##..#......#...##.# #
#...#..##....##...##.#
........l#....#.รท#.##.#
##...#.#ggS@.....#.##.####
##.##.#####...#...##.##..## #.
#.# #.#.....##.. #.. # #.#
#.##.#...######.. ..
#.#...........#.# ##
#..###.#.####.#.# ##.## ##.<#
#.... #.## ##.######.# #.#
#....# #.#


You could see 2 gnolls, an adder and a leopard gecko.

Vanquished Creatures
  2 dart slugs (D:1)
  A leopard gecko (D:1)
  4 giant cockroaches
  8 hobgoblins
  7 jackals (D:1)
  A ball python (D:1)
  2 frilled lizards
  4 goblins
  2 kobolds (D:1)
  7 rats
38 creatures vanquished.

Notes
Turn   | Place    | Note
-------+----------+-------------------------------------------
     0 | D:1      | Kohma the Naga Transmuter began the quest for the Orb.
     0 | D:1      | Reached XP level 1. HP: 18/18 MP: 3/3
   475 | D:1      | Reached XP level 2. HP: 11/25 MP: 3/5
   481 | D:1      | Learned a level 2 spell: Sticks to Snakes
   768 | D:1      | Reached skill level 3 in Transmutations
  1031 | D:1      | Reached XP level 3. HP: 26/31 MP: 4/6
  1839 | D:2      | Reached skill level 4 in Transmutations
  1873 | D:2      | Mangled by a gnoll

Levels and vault maps discovered:
D:1:      dpeg_arrival_long_road, layout_loops_ring, minmay_misc_feat_square,
          minmay_split_cup_large
D:2:      minmay_diamond_boxcup, layout_loops_ring, minitemple,
          roderic_three_in_a_row, kennysheep_flooded_box, minmay_misc_feat_iff

Skill      XL: |  1  2  3 |
---------------+----------+-----
Transmutations | 3 4 |  4.0
Fighting       | |  1.0
Dodging        | |  1.5
Unarmed Combat | |  3.0
Spellcasting   | |  2.0

Action                   || total
-------------------------++-------
Melee: Unarmed           ||   119
       Headbutt          ||    12
Throw: Stone             ||    18
 Cast: Beastly Appendage ||    22
       Sticks to Snakes  ||     3
  Eat: Chunk             ||     2
Armor: Robe              ||    17
Dodge: Dodged            ||    66

Table legend:
 A = Non-vault XP
 B = Vault XP
 C = Vault XP percentage of total XP
 D = Non-vault monster count
 E = Vault monster count
 F = Vault count percentage of total count
                 A         B        C        D         E       F
            +---------+---------+-------+---------+---------+-------
      Total |      61 |       8 |  11.6 |      34 |       4 |  10.5
            +---------+---------+-------+---------+---------+-------
        D:1 |      45 |       8 |  15.1 |      23 |       4 |  14.8
        D:2 |      16 |       0 |   0.0 |      11 |       0 |   0.0
            +---------+---------+-------+---------+---------+-------
